HSSL
FRESNO HS RED WINGS @ BISHOP GORMAN HS BALBASAURS
05/10/2025
 
TOP OF THE 1ST
Fresno HS Red Wings batting - Pitching for Bishop Gorman HS : RHP Patrick Lloyd
Pitching: RHP Patrick Lloyd
Batting: RHB Chris Osborn 0-0: Ball
1-0: Ball
2-0: Called Strike
2-1: Foul Ball, location: 2F
2-2: Ball
3-2: Fly out, F9 (Flyball, 9M)
Batting: RHB Ward Dempsey 0-0: Ball
1-0: Foul Ball, location: 2F
1-1: SINGLE (Line Drive, 56D)
Batting: RHB Juan Bruno 0-0: Called Strike
0-1: Ball
1-1: Swinging Strike
1-2: Strikes out swinging
Batting: RHB Jack Hogan 0-0: Ground out 4-3 (Groundball, 4)
Top of the 1st over - 0 run(s), 1 hit(s), 0 error(s), 1 left on base; Fresno HS 0 - Bishop Gorman HS 0
BOTTOM OF THE 1ST
Bishop Gorman HS batting - Pitching for Fresno HS Red Wings : RHP Jeff Finley
Pitching: RHP Jeff Finley
Batting: RHB Steve Murphy 0-0: Fly out, F8 (Flyball, 8RM)
Batting: SHB Darren Ramsey 0-0: Foul Ball, location: 2F
0-1: Foul Ball, location: 2F
0-2: Ball
1-2: Ball
2-2: Ball
3-2: Fly out, F5 (Popup, 5L)
Batting: RHB Gary Robinson 0-0: Called Strike
0-1: SINGLE (Groundball, 56D)
Batting: LHB Jean-Sébastien Beaudin 0-0: Called Strike
0-1: Ball
1-1: DOUBLE (Flyball, 8RD)
Gary Robinson to third
Runner from 3rd tries for Home, SAFE, throw made home
Batting: RHB Max Kimball 0-0: Ball
1-0: Called Strike
1-1: 2-RUN HOME RUN (Line Drive, 7D), Distance : 394 ft
Batting: RHB Sidney Gilbert 0-0: Ball
1-0: SINGLE (Line Drive, 6MD)
Batting: LHB Zhen-bang Rao 0-0: Ball
1-0: Ball
2-0: Foul Ball, location: 2F
2-1: Swinging Strike
2-2: Foul Ball, location: 2F
2-2: Foul Ball, location: 2F
2-2: Ball
3-2: Base on Balls
Sidney Gilbert to second
Batting: RHB Bryan Martínez 0-0: Swinging Strike
0-1: Foul Ball, location: 2F
0-2: Ball
1-2: Ground out U3 (Groundball, 3S)
Bottom of the 1st over - 3 run(s), 4 hit(s), 0 error(s), 2 left on base; Fresno HS 0 - Bishop Gorman HS 3
TOP OF THE 2ND
Fresno HS Red Wings batting - Pitching for Bishop Gorman HS : RHP Patrick Lloyd
Batting: LHB Jack Mitchell 0-0: Ball
1-0: Called Strike
1-1: Foul Ball, location: 2F
1-2: Fly out, F5 (Popup, 5DF)
Batting: RHB Jeffrey Barker 0-0: SINGLE (Groundball, 4M)
Batting: RHB Bobby Burks 0-0: Grounds into double play, 5-4-3 (Groundball, 5)
Top of the 2nd over - 0 run(s), 1 hit(s), 0 error(s), 0 left on base; Fresno HS 0 - Bishop Gorman HS 3
BOTTOM OF THE 2ND
Bishop Gorman HS batting - Pitching for Fresno HS Red Wings : RHP Jeff Finley
Batting: LHB Jack Jefferson 0-0: Ball
1-0: Ball
2-0: Called Strike
2-1: Ball
3-1: Swinging Strike
3-2: Base on Balls
Batting: RHB Steve Murphy 0-0: Ball
1-0: SINGLE (Groundball, 56D) (infield hit)
Jack Jefferson to second
Batting: SHB Darren Ramsey 0-0: Ball
1-0: Swinging Strike
1-1: Ball
2-1: SINGLE (Groundball, 5D)
Jack Jefferson to third
Steve Murphy to second
Batting: RHB Gary Robinson 0-0: Called Strike
0-1: Called Strike
0-2: Ball
1-2: Fly out, F9 (Flyball, 9M)
Runner from 3rd tags up, SCORES, throw made
Batting: LHB Jean-Sébastien Beaudin 0-0: Ball
1-0: Ground out 4-3 (Groundball, 4M)
Steve Murphy to third
Darren Ramsey to second
Batting: RHB Max Kimball 0-0: Ground out 6-3 (Groundball, 6)
Bottom of the 2nd over - 1 run(s), 2 hit(s), 0 error(s), 2 left on base; Fresno HS 0 - Bishop Gorman HS 4
TOP OF THE 3RD
Fresno HS Red Wings batting - Pitching for Bishop Gorman HS : RHP Patrick Lloyd
Batting: RHB Cristo Avalos 0-0: Ground out 5-3 (Groundball, 56)
Batting: RHB Harvey Willis 0-0: Ball
1-0: Called Strike
1-1: Ball
2-1: Swinging Strike
2-2: Foul Ball, location: 2F
2-2: Strikes out looking
Batting: RHB Chris Osborn 0-0: Ground out 5-3 (Groundball, 56)
Top of the 3rd over - 0 run(s), 0 hit(s), 0 error(s), 0 left on base; Fresno HS 0 - Bishop Gorman HS 4
BOTTOM OF THE 3RD
Bishop Gorman HS batting - Pitching for Fresno HS Red Wings : RHP Jeff Finley
Batting: RHB Sidney Gilbert 0-0: Called Strike
0-1: Ball
1-1: Foul Ball, location: 2F
1-2: SINGLE (Line Drive, 78S)
Batting: LHB Zhen-bang Rao 0-0: Ball
1-0: Called Strike
1-1: Ball
2-1: SINGLE (Line Drive, 4D)
Sidney Gilbert to second
Batting: RHB Bryan Martínez 0-0: Foul Ball, location: 2F
0-1: Foul Ball, location: 2F
0-2: Foul Ball, location: 2F
0-2: Ball
1-2: Ground out 4-3 (Groundball, 4S)
Sidney Gilbert to third
Zhen-bang Rao to second
Batting: LHB Jack Jefferson 0-0: Foul Ball, location: 2F
0-1: Swinging Strike
0-2: Ground out 4-3 (Groundball, 4)
Sidney Gilbert scores
Zhen-bang Rao to third
Batting: RHB Steve Murphy 0-0: Ball
1-0: Ball
2-0: Called Strike
2-1: Ground out 6-3 (Groundball, 6)
Bottom of the 3rd over - 1 run(s), 2 hit(s), 0 error(s), 1 left on base; Fresno HS 0 - Bishop Gorman HS 5
TOP OF THE 4TH
Fresno HS Red Wings batting - Pitching for Bishop Gorman HS : RHP Patrick Lloyd
Batting: RHB Ward Dempsey 0-0: Called Strike
0-1: Ball
1-1: Ground out 5-3 (Groundball, 5)
Batting: RHB Juan Bruno 0-0: Ball
1-0: Ball
2-0: Called Strike
2-1: Foul Ball, location: 2F
2-2: Foul Ball, location: 2F
2-2: Strikes out swinging
Batting: RHB Jack Hogan 0-0: Ball
1-0: Ground out U3 (Groundball, 3S)
Top of the 4th over - 0 run(s), 0 hit(s), 0 error(s), 0 left on base; Fresno HS 0 - Bishop Gorman HS 5
BOTTOM OF THE 4TH
Bishop Gorman HS batting - Pitching for Fresno HS Red Wings : RHP Jeff Finley
Batting: SHB Darren Ramsey 0-0: Called Strike
0-1: Foul Ball, location: 2F
0-2: Ball
1-2: Ball
2-2: Foul Ball, location: 2F
2-2: Ball
3-2: Foul Ball, location: 2F
3-2: Fly out, F8 (Flyball, 8LM)
Batting: RHB Gary Robinson 0-0: SOLO HOME RUN (Flyball, 7D), Distance : 374 ft
Batting: LHB Jean-Sébastien Beaudin 0-0: Ball
1-0: Foul Ball, location: 2F
1-1: Ball
2-1: Ground out 4-3 (Groundball, 4)
Batting: RHB Max Kimball 0-0: Ball
1-0: Ball
2-0: Called Strike
2-1: SINGLE (Groundball, 6M)
Pitching: RHP Dave Molyneaux
Batting: RHB Sidney Gilbert 0-0: Ball
1-0: Ball
2-0: Ground out 6-3 (Groundball, 6)
Bottom of the 4th over - 1 run(s), 2 hit(s), 0 error(s), 1 left on base; Fresno HS 0 - Bishop Gorman HS 6
TOP OF THE 5TH
Fresno HS Red Wings batting - Pitching for Bishop Gorman HS : RHP Patrick Lloyd
Batting: LHB Jack Mitchell 0-0: Swinging Strike
0-1: Foul Ball, location: 2F
0-2: Ball
1-2: Foul Ball, location: 2F
1-2: Ground out 5-3 (Groundball, 56)
Batting: RHB Jeffrey Barker 0-0: Fly out, F7 (Flyball, 7M)
Batting: RHB Bobby Burks 0-0: Ball
1-0: Ball
2-0: Called Strike
2-1: Foul Ball, location: 2F
2-2: Foul Ball, location: 2F
2-2: Foul Ball, location: 2F
2-2: Strikes out looking
Top of the 5th over - 0 run(s), 0 hit(s), 0 error(s), 0 left on base; Fresno HS 0 - Bishop Gorman HS 6
BOTTOM OF THE 5TH
Bishop Gorman HS batting - Pitching for Fresno HS Red Wings : RHP Dave Molyneaux
Batting: LHB Zhen-bang Rao 0-0: Foul Ball, location: 2F
0-1: Fly out, F6 (Line Drive, 6D)
Batting: RHB Bryan Martínez 0-0: Ball
1-0: Ball
2-0: Called Strike
2-1: Foul Ball, location: 2F
2-2: Strikes out swinging
Batting: LHB Jack Jefferson 0-0: Swinging Strike
0-1: Ball
1-1: Ball
2-1: Ground out 1-3 (Groundball, 13)
Bottom of the 5th over - 0 run(s), 0 hit(s), 0 error(s), 0 left on base; Fresno HS 0 - Bishop Gorman HS 6
TOP OF THE 6TH
Fresno HS Red Wings batting - Pitching for Bishop Gorman HS : RHP Patrick Lloyd
Batting: RHB Cristo Avalos 0-0: Ball
1-0: Ball
2-0: Called Strike
2-1: Ball
3-1: Base on Balls
Batting: RHB Harvey Willis 0-0: Ball
1-0: Fly out, F3 (Popup, 3F)
Batting: RHB Chris Osborn 0-0: Called Strike
0-1: Ball
1-1: Hit by Pitch
Cristo Avalos to second
Batting: RHB Ward Dempsey 0-0: Ball
1-0: Swinging Strike
1-1: Ball
2-1: Fly out, F9 (Line Drive, 89S)
Batting: RHB Juan Bruno 0-0: Ball
1-0: Ball
2-0: Called Strike
2-1: Fly out, F4 (Popup, 4MS)
Top of the 6th over - 0 run(s), 0 hit(s), 0 error(s), 2 left on base; Fresno HS 0 - Bishop Gorman HS 6
BOTTOM OF THE 6TH
Bishop Gorman HS batting - Pitching for Fresno HS Red Wings : RHP Dave Molyneaux
Batting: RHB Steve Murphy 0-0: Foul Ball, location: 2F
0-1: Ball
1-1: Foul Ball, location: 2F
1-2: Strikes out swinging
Batting: SHB Darren Ramsey 0-0: DOUBLE (Line Drive, 9LM)
Batting: RHB Gary Robinson 0-0: Called Strike
0-1: 2-RUN HOME RUN (Line Drive, 7D), Distance : 380 ft
Batting: LHB Jean-Sébastien Beaudin 0-0: Ball
1-0: Swinging Strike
1-1: Foul Ball, location: 2F
1-2: Ball
2-2: Strikes out swinging
Batting: RHB Max Kimball 0-0: Called Strike
0-1: Foul Ball, location: 2F
0-2: Ball
1-2: Foul Ball, location: 2F
1-2: Strikes out swinging
Bottom of the 6th over - 2 run(s), 2 hit(s), 0 error(s), 0 left on base; Fresno HS 0 - Bishop Gorman HS 8
TOP OF THE 7TH
Fresno HS Red Wings batting - Pitching for Bishop Gorman HS : RHP Patrick Lloyd
Batting: RHB Jack Hogan 0-0: Called Strike
0-1: Ball
1-1: Swinging Strike
1-2: Ball
2-2: Ball
3-2: Base on Balls
Batting: LHB Jack Mitchell 0-0: Ball
1-0: Called Strike
1-1: Grounds into double play, 6-4-3 (Groundball, 6)
Batting: RHB Jeffrey Barker 0-0: Ball
1-0: Swinging Strike
1-1: Ball
2-1: Fly out, F3 (Popup, 23F)
Top of the 7th over - 0 run(s), 0 hit(s), 0 error(s), 0 left on base; Fresno HS 0 - Bishop Gorman HS 8
BOTTOM OF THE 7TH
Bishop Gorman HS batting - Pitching for Fresno HS Red Wings : RHP Dave Molyneaux
Pitching: RHP Michel Bernatchez
Batting: RHB Sidney Gilbert 0-0: Ball
1-0: Called Strike
1-1: Swinging Strike
1-2: Strikes out swinging
Batting: LHB Zhen-bang Rao 0-0: Ball
1-0: Ball
2-0: Called Strike
2-1: Ball
3-1: Foul Ball, location: 2F
Error on foul ball, E2
3-2: Strikes out swinging
Batting: RHB Bryan Martínez 0-0: DOUBLE (Line Drive, 9LS)
Batting: LHB Jack Jefferson 0-0: Swinging Strike
0-1: Called Strike
0-2: Ball
1-2: Strikes out swinging
Bottom of the 7th over - 0 run(s), 1 hit(s), 1 error(s), 1 left on base; Fresno HS 0 - Bishop Gorman HS 8
TOP OF THE 8TH
Fresno HS Red Wings batting - Pitching for Bishop Gorman HS : RHP Patrick Lloyd
Pitching: LHP Miguel Aragón
Batting: RHB Bobby Burks 0-0: Foul Ball, location: 2F
0-1: Ball
1-1: Ball
2-1: Foul Ball, location: 2F
2-2: Ball
3-2: Foul Ball, location: 2F
3-2: Ground out 5-3 (Groundball, 56)
Batting: RHB Cristo Avalos 0-0: Called Strike
0-1: Ball
1-1: Foul Ball, location: 2F
1-2: Strikes out looking
Batting: RHB Harvey Willis 0-0: Foul Ball, location: 2F
0-1: Foul Ball, location: 2F
0-2: Ball
1-2: Ball
2-2: SINGLE (Groundball, 56D)
Batting: RHB Chris Osborn 0-0: Ball
1-0: Ball
2-0: Ball
3-0: Called Strike
3-1: Base on Balls
Harvey Willis to second
Batting: RHB Ward Dempsey 0-0: Ball
1-0: Ball
2-0: Called Strike
2-1: Ball
3-1: Ground out 4-3 (Groundball, 4)
Top of the 8th over - 0 run(s), 1 hit(s), 0 error(s), 2 left on base; Fresno HS 0 - Bishop Gorman HS 8
BOTTOM OF THE 8TH
Bishop Gorman HS batting - Pitching for Fresno HS Red Wings : RHP Michel Bernatchez
Pinch Hitting: RHB A.C. Carlson 0-0: Ball
1-0: Foul Ball, location: 2F
1-1: Called Strike
1-2: Ball
2-2: Ball
3-2: Base on Balls
Batting: SHB Darren Ramsey 0-0: Called Strike
0-1: Foul Ball, location: 2F
0-2: Ball
1-2: Ball
2-2: Fly out, F2 (Popup, 25F)
Batting: RHB Gary Robinson 0-0: Ball
1-0: Ball
2-0: Foul Ball, location: 2F
2-1: Foul Ball, location: 2F
2-2: Ball
3-2: Fly out, F9 (Flyball, 9M)
Batting: LHB Jean-Sébastien Beaudin 0-0: Ground out 4-3 (Groundball, 4)
Bottom of the 8th over - 0 run(s), 0 hit(s), 0 error(s), 1 left on base; Fresno HS 0 - Bishop Gorman HS 8
TOP OF THE 9TH
Fresno HS Red Wings batting - Pitching for Bishop Gorman HS : LHP Miguel Aragón
Now at SS: Kent Bannatyne
Now in CF: A.C. Carlson
Batting: RHB Juan Bruno 0-0: Foul Ball, location: 2F
0-1: Foul Ball, location: 2F
0-2: Ball
1-2: Ball
2-2: SINGLE (Groundball, 4MD)
Batting: RHB Jack Hogan 0-0: Ball
1-0: Called Strike
1-1: Swinging Strike
1-2: Strikes out looking
Batting: LHB Jack Mitchell 0-0: Ball
1-0: Fly out, F5 (Line Drive, 5S)
Batting: RHB Jeffrey Barker 0-0: Ball
1-0: Called Strike
1-1: Foul Ball, location: 2F
1-2: Ground out 1-3 (Groundball, 15S)
Top of the 9th over - 0 run(s), 1 hit(s), 0 error(s), 1 left on base; Fresno HS 0 - Bishop Gorman HS 8
This league is powered by Out of the Park Baseball, the baseball management simulation game for PC, Mac and Linux
Tuesday, August 2nd, 2016 - OOTP Baseball 16.8 Build 38